 Dungeon Sprint DCSS version 0.18-a0-1180-g64ccc1e (webtiles) character file.

34600000 namelastname112 the Intangible (level 27, 118/249 HPs)
             Began as a Demonspawn Gladiator on Jan 27, 2016.
             Was the Champion of Makhleb.
             Escaped with the Orb!
             The game lasted 00:05:24 (173 turns).

namelastname112 the Intangible (DsGl)                Turns: 173, Time: 00:05:25

Health: 118/249    AC: 12    Str: 16    XL:     27
Magic:  3/54       EV: 38    Int: 11    God:    Makhleb [******]
Gold:   0          SH:  0    Dex: 25    Spells: 0 memorised, 80 levels left

rFire  . . .     SeeInvis .     k - +∞ Axe of Woe
rCold  . . .     Gourm    .     a - +0 leather armour
rNeg   + . .     Faith    .     (shield currently unavailable)
rPois  .         Spirit   +     b - +0 helmet
rElec  .         Dismiss  .     (no cloak)
rCorr  +         Reflect  .     (gloves unavailable)
SustAt .         Harm     .     (no boots)
MR     ++...     NoTele   +     (no amulet)
Stlth  +++++.....               (no ring)
                                (no ring)

@: very slightly contaminated, hasted and slowed, very resistant to hostile
enchantments, quite stealthy
A: claws 3, yellow scales 3, negative energy resistance 1, nightstalker 3, 50%
torment resistance, magic shield, magic regeneration, magic link, black mark
a: Minor Destruction, Lesser Servant of Makhleb, Major Destruction, Greater
Servant of Makhleb, Renounce Religion
0: Orb of Zot


You escaped.
You worshipped Makhleb.
Makhleb was exalted by your worship.
You were not hungry.

You visited 1 branch

Inventory:

Hand Weapons
 k - the +∞ Axe of Woe (weapon)
   (You found it in the Dungeon)
Missiles
 c - 3 throwing nets (quivered)
Armour
 a - a +0 leather armour (worn)
 b - a +0 helmet (worn)
Scrolls
 j - a scroll of blinking
Potions
 e - a potion of curing
 f - a potion of heal wounds
 h - 2 potions of magic
 i - a potion of berserk rage
Comestibles
 d - a bread ration


   Skills:
 O Level 27 Fighting
 O Level 27 Axes
 O Level 27 Throwing
 O Level 27 Armour
 O Level 27 Dodging
 O Level 27 Stealth
 O Level 27 Unarmed Combat
 O Level 27 Spellcasting
 O Level 27 Invocations


You had 80 spell levels left.
You didn't know any spells.

Dungeon Overview and Level Annotations

Branches:
Dungeon (1/1)

Altars:
Makhleb


Innate Abilities, Weirdness & Mutations

You have claws for hands.
You are completely covered in yellow scales (AC +4, rCorr).
You resist negative energy.
You are completely attuned to the shadows.
You are somewhat able to resist unholy torments (1 in 2 success).
When hurt, damage is shared between your health and your magic reserves.
You regenerate magic rapidly.
When low on magic, you restore magic in place of health.
Your melee attacks may debilitate your foes.


Message History

You hear a shout!
The accursed moves out of view.
The eight-headed meat hydra calls on the powers of darkness!
The eight-headed meat hydra convulses!
The fleshlord convulses!
The bag of meat convulses! x2; You feel a surge of unholy energy.
A fleshlord comes into view. It is wielding a +9 great mace.
Unknown command.
You can't go down here!
You feel sick.
You are no longer poisoned.
You hear a shout! x3
The bag of meat is engulfed in roaring flames.
You hear a shout! x4
The dread calls on the powers of darkness!
The bag of meat convulses! x3; The fleshlord convulses!
The eight-headed meat hydra convulses!
Your body is wracked with pain!
The bag of meat convulses! x2; Something hits you.
Deactivating autopickup; reactivate with Ctrl-A.
You hear a shout! x2
You have escaped!

..... .. #.....
.# . #.... ..#
..###.Co ..###.
...{%X###......
...M†§§§.....
C..#Loo).#. ..
#_§@§_# o
#)o)oV#
VV..._oW....
.....z###D.....
..###.V. p.###.
. #... ..# #...
.# ..... ..


You could see an accursed, a tyrant, an eight-headed meat hydra, 3 destroyers, a
fleshlord, a sculptor of flesh, a large bag of meat (inner flame), a large
abomination, a dread and 5 bags of meat.

Vanquished Creatures
  Dispater (D)
  4 hell knights (D)
  11 hell beasts (D)
  2 greater mummies (D)
  13 great orbs of eyes (D)
  7 wraiths (D)
  Harold (D)
  20 vampire knights (D)
  37 ogres (D)
  6 liches (D)
  7 hydras (D)
  55 orcs (D)
  6 phantoms (D)
  3 hill giants (D)
  4 skeletal warriors (D)
  3 sea snakes (D)
  6 large abominations (D)
  5 small abominations (D)
  7 crawling corpses (D)
198 creatures vanquished.

Vanquished Creatures (others)
  2 great orbs of eyes (D)
  2 hydras (D)
  3 orcs (D)
  3 crawling corpses (D)
10 creatures vanquished.

Grand Total: 208 creatures vanquished

Notes
Turn   | Place    | Note
--------------------------------------------------------------
     0 | D        | namelastname112 the Demonspawn Gladiator began the quest for the Orb.
     0 | D        | Reached XP level 1. HP: 16/16 MP: 1/1
     4 | D        | Became a worshipper of Makhleb the Destroyer
     7 | D        | Noticed a bag of meat
     8 | D        | Noticed a bag of meat
     9 | D        | Killed a bag of meat
     9 | D        | Reached skill level 10 in Fighting
     9 | D        | Reached skill level 16 in Dodging
     9 | D        | Gained mutation: You are partially covered in yellow scales (AC +2). [demonic ancestry]
     9 | D        | Reached XP level 2. HP: 19/36 MP: 2/2
     9 | D        | Reached XP level 3. HP: 22/42 MP: 3/3
     9 | D        | Gained mutation: You are mostly covered in yellow scales (AC +3). [demonic ancestry]
     9 | D        | Reached XP level 4. HP: 25/48 MP: 4/4
     9 | D        | Gained mutation: You are slightly more attuned to the shadows. [demonic ancestry]
     9 | D        | Reached XP level 5. HP: 28/54 MP: 5/5
     9 | D        | Reached XP level 6. HP: 31/61 MP: 6/6
     9 | D        | Gained mutation: You are significantly more attuned to the shadows. [demonic ancestry]
     9 | D        | Reached XP level 7. HP: 34/67 MP: 7/7
     9 | D        | Reached XP level 8. HP: 37/73 MP: 8/8
     9 | D        | Gained mutation: You have sharp fingernails. [demonic ancestry]
     9 | D        | Reached XP level 9. HP: 40/79 MP: 9/9
     9 | D        | Reached XP level 10. HP: 43/86 MP: 10/10
     9 | D        | Gained mutation: You have very sharp fingernails. [demonic ancestry]
     9 | D        | Reached XP level 11. HP: 46/92 MP: 11/11
    10 | D        | Killed a bag of meat
    10 | D        | Reached * piety under Makhleb
    10 | D        | Reached skill level 1 in Axes
    10 | D        | Reached skill level 10 in Throwing
    10 | D        | Reached skill level 18 in Dodging
    10 | D        | Gained mutation: When hurt, damage is shared between your health and your magic reserves. [demonic ancestry]
    10 | D        | Reached XP level 12. HP: 49/102 MP: 12/12
    11 | D        | Noticed a bag of meat
    13 | D        | Noticed a bag of meat
    16 | D        | Noticed a meat berserker
    17 | D        | Noticed a meat berserker
    17 | D        | Noticed a meat berserker
    17 | D        | Killed a bag of meat
    17 | D        | Reached skill level 20 in Dodging
    17 | D        | Gained mutation: You are completely attuned to the shadows. [demonic ancestry]
    17 | D        | Reached XP level 13. HP: 107/111 MP: 13/13
    18 | D        | Killed a meat berserker
    18 | D        | Reached ** piety under Makhleb
    18 | D        | Reached skill level 22 in Dodging
    18 | D        | Gained mutation: You regenerate magic rapidly. [demonic ancestry]
    18 | D        | Reached XP level 14. HP: 102/121 MP: 11/14
    18 | D        | Killed a meat berserker
    18 | D        | Reached skill level 5 in Axes
    18 | D        | Reached skill level 24 in Dodging
    18 | D        | Reached XP level 15. HP: 126/131 MP: 11/15
    19 | D        | Killed a meat berserker
    19 | D        | Reached *** piety under Makhleb
    19 | D        | Reached skill level 15 in Throwing
    19 | D        | Reached skill level 26 in Dodging
    19 | D        | Gained mutation: You are completely covered in yellow scales (AC +4, rCorr). [demonic ancestry]
    19 | D        | Reached XP level 16. HP: 137/141 MP: 8/16
    20 | D        | Noticed a meat berserker
    21 | D        | Killed a meat berserker
    21 | D        | Reached **** piety under Makhleb
    21 | D        | Reached skill level 27 in Dodging
    21 | D        | Reached skill level 27 in Unarmed Combat
    21 | D        | Reached XP level 17. HP: 148/158 MP: 9/17
    25 | D        | Noticed a meat berserker
    27 | D        | Noticed a destroyer
    27 | D        | Killed a meat berserker
    28 | D        | Reached skill level 15 in Axes
    28 | D        | Killed a destroyer
    28 | D        | Reached skill level 27 in Fighting
    28 | D        | Gained mutation: You resist negative energy. [demonic ancestry]
    28 | D        | Reached XP level 18. HP: 173/182 MP: 9/18
    31 | D        | Noticed a destroyer
    32 | D        | Reached ***** piety under Makhleb
    33 | D        | Noticed a meat berserker
    34 | D        | Killed a destroyer
    34 | D        | Reached XP level 19. HP: 189/189 MP: 11/19
    35 | D        | Killed a meat berserker
    35 | D        | Reached skill level 27 in Axes
    35 | D        | Reached skill level 27 in Throwing
    36 | D        | Noticed a destroyer
    37 | D        | Noticed a meat berserker
    38 | D        | Killed a destroyer
    38 | D        | Gained mutation: You have claws for hands. [demonic ancestry]
    38 | D        | Reached XP level 20. HP: 197/197 MP: 13/20
    39 | D        | Noticed a destroyer
    39 | D        | Killed a meat berserker
    40 | D        | Noticed a destroyer
    40 | D        | Reached ****** piety under Makhleb
    42 | D        | Killed a destroyer
    42 | D        | Reached skill level 27 in Stealth
    42 | D        | Gained mutation: When low on magic, you restore magic in place of health. [demonic ancestry]
    42 | D        | Reached XP level 21. HP: 204/204 MP: 14/21
    43 | D        | Killed a destroyer
    43 | D        | Reached skill level 27 in Armour
    45 | D        | Reached skill level 15 in Spellcasting
    45 | D        | Gained mutation: You are somewhat able to resist unholy torments (1 in 2 success). [demonic ancestry]
    45 | D        | Reached XP level 22. HP: 212/212 MP: 15/41
    48 | D        | Reached skill level 27 in Invocations
    51 | D        | Reached skill level 27 in Spellcasting
    54 | D        | Noticed a tyrant
    55 | D        | Noticed a meat beast
    56 | D        | Reached XP level 23. HP: 219/219 MP: 22/54
    57 | D        | Killed a meat beast
    57 | D        | Reached XP level 24. HP: 227/227 MP: 20/54
    61 | D        | Killed a tyrant
    65 | D        | Noticed a destroyer
    68 | D        | Killed a destroyer
    68 | D        | Reached XP level 25. HP: 234/234 MP: 30/54
    84 | D        | Reached XP level 26. HP: 242/242 MP: 42/54
    86 | D        | Noticed a dread
    90 | D        | Noticed a meat beast
    93 | D        | Noticed an accursed
    93 | D        | Killed a meat beast
    93 | D        | Gained mutation: Your melee attacks may debilitate your foes. [demonic ancestry]
    93 | D        | Reached XP level 27. HP: 249/249 MP: 42/54
    93 | D        | Killed a dread
    94 | D        | Noticed a meat beast
    96 | D        | Noticed a dread
    96 | D        | Killed a meat beast
    97 | D        | Noticed a meat beast
   100 | D        | Noticed a destroyer
   100 | D        | Killed a meat beast
   102 | D        | Noticed a destroyer
   102 | D        | Killed a dread
   104 | D        | Noticed a tyrant
   106 | D        | Killed a destroyer
   109 | D        | Noticed The Servant
   110 | D        | Killed a tyrant
   110 | D        | Killed a destroyer
   117 | D        | Noticed a meat beast
   117 | D        | Noticed a destroyer
   120 | D        | Killed a meat beast
   123 | D        | Killed The Servant
   124 | D        | Killed an accursed
   126 | D        | Killed a destroyer
   129 | D        | Noticed a destroyer
   130 | D        | Noticed a fleshlord
   131 | D        | Noticed a fleshlord
   131 | D        | Killed a destroyer
   132 | D        | Noticed a meat beast
   133 | D        | Killed a fleshlord
   134 | D        | Killed a meat beast
   135 | D        | Killed a fleshlord
   136 | D        | Noticed a destroyer
   136 | D        | Noticed a dread
   138 | D        | Noticed a destroyer
   140 | D        | Noticed a destroyer
   141 | D        | Noticed a dread
   141 | D        | Killed a dread
   142 | D        | Noticed a tyrant
   142 | D        | Noticed a tyrant
   142 | D        | Killed a destroyer
   143 | D        | Noticed a fleshlord
   143 | D        | Killed a dread
   144 | D        | Noticed a meat beast
   145 | D        | Killed a destroyer
   145 | D        | Killed a destroyer
   145 | D        | Killed a tyrant
   145 | D        | Noticed a destroyer
   146 | D        | Noticed a destroyer
   146 | D        | Noticed a meat beast
   146 | D        | Killed a fleshlord
   147 | D        | Noticed a destroyer
   147 | D        | Noticed a dread
   147 | D        | Killed a tyrant
   147 | D        | Killed a meat beast
   148 | D        | Noticed a meat beast
   148 | D        | Killed a destroyer
   148 | D        | Killed a destroyer
   149 | D        | Noticed The Meatlord
   149 | D        | Noticed a tyrant
   149 | D        | Killed a meat beast
   149 | D        | Killed a meat beast
   150 | D        | Noticed a destroyer
   150 | D        | Killed a dread
   151 | D        | Noticed a destroyer
   151 | D        | Killed a tyrant
   152 | D        | Killed a destroyer
   153 | D        | Noticed a destroyer
   153 | D        | Killed The Meatlord
   153 | D        | Killed a destroyer
   153 | D        | Killed a destroyer
   154 | D        | Got the Orb of Zot
   155 | D        | Noticed a dread
   155 | D        | Noticed a tyrant
   157 | D        | Killed a destroyer
   158 | D        | Noticed a tyrant
   158 | D        | Noticed a meat beast
   158 | D        | Killed a tyrant
   160 | D        | Killed a dread
   160 | D        | Killed a meat beast
   161 | D        | Noticed an accursed
   163 | D        | Noticed a fleshlord
   166 | D        | Noticed a dread
   166 | D        | Noticed a destroyer
   167 | D        | Noticed a meat beast
   167 | D        | Noticed a dread
   168 | D        | Killed an accursed
   168 | D        | Killed a fleshlord
   169 | D        | Noticed a destroyer
   169 | D        | Noticed a destroyer
   169 | D        | Killed a meat beast
   170 | D        | Killed a dread
   171 | D        | Noticed an accursed
   171 | D        | Killed a destroyer
   172 | D        | Noticed a fleshlord
   173 | D        | Noticed a destroyer
   173 | D        | Escaped with the Orb!

Vault maps used:
D:        meatsprint

Action                   |  1- 3 |  4- 6 |  7- 9 | 10-12 | 13-15 | 16-18 | 19-21 | 22-24 | 25-27 || total
-------------------------+-------+-------+-------+-------+-------+-------+-------+-------+-------++-------
Melee: Executioner's axe |     1 |       |       |     2 |     2 |     6 |     8 |    11 |    72 ||   102
  Use: Potion            |       |       |       |       |       |       |       |       |     1 ||     1
